 Dungeon Sprint DCSS version 0.17-a0-1718-g72dbe4d (webtiles) character file.

900000 ztt the Conqueror (level 15, -22/127 HPs)
             Began as a Gargoyle Gladiator on Aug 26, 2015.
             Was a Believer of Makhleb.
             Annihilated by a meat berserker
             ... wielding a +9 battleaxe
              (67 damage)
             ... in the Dungeon (Sprint VIII: "Arena of Blood").
             The game lasted 00:00:33 (9 turns).

ztt the Conqueror (Gargoyle Gladiator)                 Turns: 9, Time: 00:00:34

Health: -22/127    AC: 15    Str: 24    XL:     15   Next: 18%
Magic:  15/15      EV: 20    Int: 10    God:    Makhleb [**....]
Gold:   0          SH:  0    Dex: 10    Spells: 0 memorised, 14 levels left

rFire  . . .     SeeInvis .     l - +∞ Axe of Woe
rCold  . . .     Clarity  .     b - +0 leather armour
rNeg   + . .     SustAt   .     (no shield)
rPois  ∞         Gourm    .     c - +0 helmet
rElec  +         Spirit   .     (no cloak)
rCorr  .         Warding  .     (no gloves)
rMut   .         NoTele   +     (no boots)
MR     +....                    (no amulet)
Stlth  +.........               (no ring)
                                (no ring)

@: somewhat resistant to hostile enchantments, very unstealthy
A: big wings, negative energy resistance 1, electricity resistance, unbreathing,
petrification resistance, rot immunity, AC +11
a: Fly, Minor Destruction, Renounce Religion


You were in the Dungeon.
You worshipped Makhleb.
Makhleb was pleased with you.
You were not hungry.

You visited 1 branch

Inventory:

Hand weapons
 a - a +0 war axe
 l - the +∞ Axe of Woe (weapon)
   (You found it in the Dungeon)
Missiles
 d - 3 throwing nets (quivered)
Armour
 b - a +0 leather armour (worn)
 c - a +0 helmet (worn)
Scrolls
 k - a scroll of blinking
Potions
 f - a potion of curing
 g - a potion of heal wounds
 h - a potion of haste
 i - 2 potions of magic
 j - a potion of berserk rage
Comestibles
 e - a bread ration


   Skills:
 O Level 27 Fighting
 + Level 20.0 Axes
 - Level 2.0 Throwing
 + Level 18.6 Dodging


You had 14 spell levels left.
You didn't know any spells.

Dungeon Overview and Level Annotations

Branches:
Dungeon (1/1)

Altars:
Makhleb


Innate Abilities, Weirdness & Mutations

You are resistant to torment.
Your stone body is resilient (AC +11).
You are immune to poison.
Your large and strong wings let you fly indefinitely.
You resist negative energy.
You are resistant to electric shocks.
You can survive without breathing.
You are immune to petrification.
You are immune to rotting.


Message History

Your Axes skill gained 2 levels and is now at level 18!
Your Dodging skill gained 3 levels and is now at level 17!
You hear a shout! x8 2 orcs and an ogre come into view.
The bag of meat shouts! x2
You slash the bag of meat!
You slaughter the bag of meat joyfully.
You kill the bag of meat!
Makhleb accepts your kill.
You can now harness Makhleb's destructive might.
You feel better.
Your Axes skill gained 2 levels and is now at level 20!
Your Dodging skill increases to level 18!
You have reached level 15!
Your experience leads to an increase in your attributes!
Increase (S)trength, (I)ntelligence, or (D)exterity?
You feel stronger.
You hear a shout! x10
The meat berserker hits you with a +9 battleaxe!!!
Ouch! That really hurt!
You die...

#.. ..# .###..
...###...
......###........
....._......O..
#.....# ..... .
#_.<._#......
....#.....#......
......._.Oo......
......###@.......
.###....O).###...
#...Oo..#
#.o.o...#
..o.......
...........
.o......o..
......o...##


You could see 4 meat berserkers and 8 bags of meat.

Vanquished Creatures
  An ogre (D)
  3 orcs (D)
4 creatures vanquished.

Notes
Turn   | Place    | Note
--------------------------------------------------------------
     0 | D        | ztt the Gargoyle Gladiator began the quest for the Orb.
     0 | D        | Reached XP level 1. HP: 12/12 MP: 1/1
     3 | D        | Noticed a bag of meat
     3 | D        | Noticed a meat berserker
     4 | D        | Became a worshipper of Makhleb the Destroyer
     5 | D        | Noticed a bag of meat
     6 | D        | Noticed a bag of meat
     6 | D        | Noticed a bag of meat
     6 | D        | Noticed a bag of meat
     6 | D        | Noticed a meat berserker
     7 | D        | Noticed a bag of meat
     7 | D        | Noticed a bag of meat
     7 | D        | Noticed a meat berserker
     7 | D        | Killed a meat berserker
     7 | D        | Reached skill level 27 in Fighting
     7 | D        | Reached XP level 2. HP: 13/50 MP: 2/2
     7 | D        | Reached XP level 3. HP: 14/56 MP: 3/3
     7 | D        | Reached XP level 4. HP: 15/62 MP: 4/4
     7 | D        | Reached XP level 5. HP: 16/68 MP: 5/5
     7 | D        | Reached XP level 6. HP: 17/74 MP: 6/6
     7 | D        | Reached XP level 7. HP: 18/80 MP: 7/7
     7 | D        | Reached XP level 8. HP: 19/86 MP: 8/8
     7 | D        | Reached XP level 9. HP: 20/92 MP: 9/9
     7 | D        | Reached XP level 10. HP: 21/98 MP: 10/10
     7 | D        | Reached XP level 11. HP: 22/104 MP: 11/11
     7 | D        | Reached XP level 12. HP: 23/110 MP: 12/12
     7 | D        | Reached XP level 13. HP: 24/116 MP: 13/13
     7 | D        | Killed a bag of meat
     7 | D        | Acquired Makhleb's first power
     7 | D        | Gained mutation: Your large and strong wings let you fly indefinitely. [Gargoyle growth]
     7 | D        | Reached XP level 14. HP: 25/122 MP: 14/14
     7 | D        | HP: 3/122 [bag of meat/+9 war axe (22)]
     8 | D        | Noticed a bag of meat
     8 | D        | Noticed a meat berserker
     8 | D        | Killed a bag of meat
     9 | D        | Noticed a meat berserker
     9 | D        | Noticed a bag of meat
     9 | D        | Noticed a bag of meat
     9 | D        | Killed a bag of meat
     9 | D        | Acquired Makhleb's second power
     9 | D        | Reached XP level 15. HP: 44/127 MP: 15/15
     9 | D        | Annihilated by a meat berserker

Vault maps used:
D:        meatsprint

Action                   |  1- 3 |  4- 6 |  7- 9 | 10-12 | 13-15 || total
-------------------------+-------+-------+-------+-------+-------++-------
Melee: Executioner's axe |     1 |       |       |       |     2 ||     3
